 Dungeon Crawl Stone Soup version 0.28-a0-1286-g6bde065e89 (webtiles) character file.

Game seed: 11114884350149511258

3018 Zonian the Zephyrmancer (level 9, -15/45 HPs)
             Began as a Tengu Air Elementalist on Dec 27, 2021.
             Was an Initiate of Gozag.
             Demolished by a two-headed ogre (17 damage)
             ... on level 9 of the Dungeon.
             The game lasted 00:23:35 (16265 turns).

Zonian the Zephyrmancer (Tengu Air Elementalist)   Turns: 16265, Time: 00:23:37

Health: -15/45     AC:  7    Str: 11    XL:     9   Next: 85%
Magic:  17/17      EV: 18    Int: 18    God:    Gozag
Gold:   157        SH:  5    Dex: 16    Spells: 5/18 levels left

rFire   . . .      SeeInvis .   w - +5 spear of Foolhardiness {flame, rN+ Dex+2}
rCold   . . .      Faith    .   (no shield)
rNeg    + . .      Spirit   .   a - +1 robe
rPois   .          Reflect  +   (helmet restricted)
rElec   +          Harm     .   (no cloak)
rCorr   .          Rampage  .   (no gloves)
Will    +....                   (boots unavailable)
Stlth   +++.......              F - amulet "Nezudd" {Reflect +Blink rElec Will+ SH+5}
HPRegen 0.15/turn               t - +4 ring of protection
MPRegen 0.15/turn               (no ring)

@: about to teleport, flying quickly and evasively, quick
A: beak, talons 3, nimble flight
a: Renounce Religion, Evoke Blink, Potion Petition, Call Merchant, Bribe Branch


You were on level 9 of the Dungeon.
You worshipped Gozag.
Gozag was aware of your devotion.
You visited 1 branch of the dungeon, and saw 9 of its levels.

You collected 1193 gold pieces.
You spent 989 gold pieces at shops.
You paid 47 gold pieces to Gozag.

Inventory:

Hand Weapons
 d - a +2 short sword of protection
 p - a +4 quarterstaff of draining
 r - a +1 war axe of electrocution
 w - the +5 spear of Foolhardiness (weapon) {flame, rN+ Dex+2}
   (You found it on level 6 of the Dungeon)

   It burns those it strikes, dealing additional fire damage.
   Dex:       It affects your dexterity (+2).
   rN:        It protects you from negative energy.
Missiles
 o - 4 javelins
 s - 8 boomerangs
Armour
 a - a +1 robe (worn)
Jewellery
 t - a +4 ring of protection (left hand)
 F - the amulet "Nezudd" (around neck) {Reflect +Blink rElec Will+ SH+5}
   (You bought it in a shop on level 3 of the Dungeon)

   [amulet of reflection]

   It reflects blocked missile attacks.
   rElec:     It insulates you from electricity.
   +Blink:    It lets you blink.
   SH:        It affects your SH (+5).
   Will:      It increases your willpower.
Wands
 c - a wand of charming (20)
 x - a wand of mindburst (11)
 B - a wand of flame (2)
 E - a wand of iceblast (17)
Scrolls
 e - 3 scrolls of blinking
 f - a scroll of silence
 n - a scroll of teleportation
 u - a scroll of noise {unknown}
 y - a scroll of amnesia
 A - a scroll of identify
 C - 3 scrolls of enchant weapon
 D - a scroll of holy word {unknown}
Potions
 b - a potion of magic
 g - a potion of curing
 h - a potion of brilliance {unknown}
 i - 2 potions of might
 j - a potion of resistance {unknown}
 k - a potion of flight {unknown}
 l - a potion of haste
 m - 3 potions of ambrosia
 q - a potion of invisibility {unknown}
 v - a potion of cancellation {unknown}
 z - 3 potions of degeneration {unknown}


   Skills:
 + Level 3.6 Polearms
 + Level 6.3 Dodging
 + Level 6.1 Stealth
 + Level 5.2 Spellcasting
 + Level 7.1 Conjurations
 + Level 8.1 Air Magic
 + Level 4.3 Poison Magic


You had 5 spell levels left.
You knew the following spells:

 Your Spells              Type           Power      Damage    Failure   Level
a - Shock                 Conj/Air       100%       1d9       1%          1
b - Static Discharge      Conj/Air       32%        N/A       1%          2
c - Swiftness             Air            33%        N/A       1%          3
d - Mephitic Cloud        Conj/Pois/Air  28%        N/A       2%          3
e - Airstrike             Air            16%        N/A       4%          4

Your spell library contained the following spells:

 Spells                   Type           Power      Damage    Failure   Level
 Magic Dart               Conj           100%       1d8       1%          1
 Searing Ray              Conj           60%        2d6       1%          2
 Ensorcelled Hibernation  Hex/Ice        8%         N/A       21%         2
 Ignite Poison            Fire/Tmut/Pois 9%         N/A       22%         3
 Fulminant Prism          Conj/Hex       8%         3d7       30%         4
 Hailstorm                Conj/Ice       17%        3d6       30%         4
 Tukima's Dance           Hex            4%         N/A       36%         3
 Freezing Cloud           Conj/Ice/Air   11%        6-21      41%         5
 Fireball                 Conj/Fire      8%         3d6       63%         5
 Ice Form                 Ice/Tmut       4%         N/A       78%         4
 Starburst                Conj/Fire      8%         6d4       99%         6
 Simulacrum               Ice/Necr       2%         N/A       100%        6
 Enfeeble                 Hex            2%         N/A       100%        7
 Ignition                 Fire           2%         3d3       100%        8


Dungeon Overview and Level Annotations

Branches:
Dungeon (9/15)             Temple (0/1) D:5
   Lair: D:8-11         Orc: D:9-12

Altars:
Dithmenos
Elyvilon
Gozag
Okawaru
Xom
Yredelemnul

Shops:
D:3 =   D:5 ?

Annotations:
D:4 Sigmund
D:6 3 runed translucent doors, Creed's ghost, novice DsCj


Innate Abilities, Weirdness & Mutations

You have a beak for a mouth.
You have claws for feet.
Your magical nature lets you fly swiftly and evasively.


Message History

Done waiting.
Unknown command.
You fly downwards.
There is a stone staircase leading up here.
Unknown command.
The two-headed ogre barely misses you. The two-headed ogre closely misses you.
Unknown command.
Okay, then.
You feel yourself speed up. The two-headed ogre closely misses you.
The two-headed ogre hits you with a +0 giant club!!
There is a stone staircase leading up here.
You fly upwards.
There is a stone staircase leading down here.
Unknown command.
You start resting.
Your extra speed is starting to run out.
You start resting.
You feel yourself slow down.
You start resting.
HP restored.
Unknown command.
Welcome back, Zonian the Tengu Air Elementalist.
Gozag says: Greed is good.
Press ? for a list of commands and other information.
(D) Dungeon (T) Temple
Where to? (? - help)
You fly downwards.
The two-headed ogre misses you.
The two-headed ogre hits you with a +0 giant club!
There is a stone staircase leading up here.
Unknown command.
Cast which spell? (? or * to list)
Okay, then.
As you read the scroll of teleportation, it crumbles to dust.
You feel strangely unstable.
The two-headed ogre hits you with a +0 giant spiked club!!
Ouch! That really hurt!
* * * LOW HITPOINT WARNING * * *
The two-headed ogre hits you with a +0 giant club!
You die...
Your body crumbles into a pile of gold.

...........# #.........
...........# #.........
...........# #....>....
##########.# #.######..
#.# #.# #.# #.# #.#+###.#
#.......# #.....O.#
#.......# #......@#
#.......# #.......#
#.......#
.###.......######.......#
........................#
..#####.#######.........#
.. #.# #........<# # #.#
#.........# #.#
#.........#
#.#######.........#


You could see a two-headed ogre.

Vanquished Creatures
  A hornet (D:9)
  2 wraiths
  2 steam dragons
  2 water moccasins
  2 orc warriors (D:8)
  A black bear (D:6)
  A necrophage (D:6)
  2 ogres
  2 ice beasts
  A kobold brigand (D:9)
  A gnoll sergeant (D:6)
  A bullfrog (D:8)
  A scorpion (D:7)
  A water moccasin zombie (D:6)
  A water moccasin skeleton (D:4)
  3 wights (D:5)
  2 hounds (D:6)
  5 orc priests
  A centaur skeleton (D:7)
  A centaur zombie (D:9)
  Natasha (thrice) (D:3)
  3 iguanas
  5 orc wizards
  A hound skeleton (D:3)
  2 howler monkey zombies
  5 gnolls
  5 adders
  A shadow imp (D:8)
  4 white imps
  2 ufetubi
  A worm (D:2)
  3 dart slugs
  35 orcs
  2 bats
  8 endoplasms
  7 giant cockroaches
  7 goblins
  3 hobgoblins
  8 jackals
  4 quokkas (D:3)
  5 ball pythons
  4 frilled lizards (D:1)
  5 kobolds
  3 rats
159 creatures vanquished.

Vanquished Creatures (others)
  An orc (D:7)
  A fungus (D:6)
  3 plants (D:6)
5 creatures vanquished.

Grand Total: 164 creatures vanquished

Notes
Turn   | Place    | Note
-------+----------+-------------------------------------------
     0 | D:1      | Zonian the Tengu Air Elementalist began the quest for the
                  | Orb.
     0 | D:1      | Reached XP level 1. HP: 10/10 MP: 4/4
   616 | D:1      | Reached XP level 2. HP: 15/15 MP: 0/6
  1576 | D:1      | Reached XP level 3. HP: 12/19 MP: 0/7
  1579 | D:1      | Learned a level 2 spell: Static Discharge
  1583 | D:1      | Learned a level 3 spell: Swiftness
  2948 | D:2      | Reached XP level 4. HP: 24/24 MP: 4/8
  3197 | D:3      | Found Tinnoz's Jewellery Shoppe.
  3430 | D:3      | Found an opulent altar of Gozag.
  3470 | D:3      | Became a worshipper of Gozag Ym Sagoz the Greedy
  3502 | D:3      | Found a basalt altar of Yredelemnul.
  3510 | D:3      | Noticed Natasha
  3521 | D:3      | Killed Natasha
  3527 | D:3      | Noticed an ogre
  3602 | D:3      | Noticed Natasha
  3605 | D:3      | Killed Natasha
  3606 | D:3      | Gained mutation: Your magical nature lets you fly swiftly
                  | and evasively. [Tengu growth]
  3606 | D:3      | Reached XP level 5. HP: 19/28 MP: 3/10
  4653 | D:3      | Reached skill level 5 in Air Magic
  5259 | D:3      | Noticed Natasha
  5264 | D:3      | Killed Natasha
  5656 | D:3      | Reached XP level 6. HP: 11/32 MP: 4/11
  6845 | D:4      | Noticed Sigmund
  6897 | D:4      | Learned a level 3 spell: Mephitic Cloud
  7483 | D:5      | Entered Level 5 of the Dungeon
  7547 | D:5      | Reached skill level 1 in Poison Magic
  7547 | D:5      | Reached XP level 7. HP: 35/36 MP: 4/13
  8548 | D:5      | Found Dauch's Magic Scroll Shoppe.
  8583 | D:5      | Bought a scroll of teleportation for 33 gold pieces
  8583 | D:5      | Bought a scroll of blinking for 82 gold pieces
  8583 | D:5      | Bought a scroll of blinking for 82 gold pieces
  8617 | D:5      | Reached skill level 6 in Air Magic
  9315 | D:5      | Found a staircase to the Ecumenical Temple.
  9563 | D:6      | Learned a level 4 spell: Airstrike
  9573 | D:6      | Reached skill level 5 in Conjurations
  9573 | D:6      | Reached XP level 8. HP: 38/41 MP: 7/14
 10238 | D:6      | Found a runed translucent gate.
 10238 | D:6      | Found a runed translucent gate.
 10238 | D:6      | Found a runed translucent gate.
 10241 | D:6      | Noticed Creed's ghost (novice DsCj)
 10305 | D:6      | Identified the +5 spear of Foolhardiness {flame, rN+ Dex+2}
 10697 | D:6      | Reached skill level 5 in Dodging
 11187 | D:7      | Found a white marble altar of Elyvilon.
 11192 | D:7      | Found an iron altar of Okawaru.
 11197 | D:7      | Found a shadowy altar of Dithmenos.
 11242 | D:7      | Reached skill level 1 in Polearms
 11603 | D:7      | Reached skill level 5 in Stealth
 11603 | D:7      | Reached skill level 7 in Air Magic
 11694 | D:7      | Found a shimmering altar of Xom.
 12735 | D:8      | Noticed a wraith
 12799 | D:8      | Killed a wraith
 12800 | D:8      | Reached XP level 9. HP: 36/45 MP: 3/16
 15050 | D:3      | Bought the amulet "Nezudd" {Reflect +Blink rElec Will+
                  | SH+5} for 792 gold pieces
 15656 | D:9      | Reached skill level 5 in Spellcasting
 15875 | D:9      | Noticed a hornet
 15878 | D:9      | Killed a hornet
 15879 | D:9      | Reached skill level 8 in Air Magic
 15971 | D:9      | Noticed a two-headed ogre
 16265 | D:9      | HP: 2/45 [two-headed ogre (32)]
 16265 | D:9      | Demolished by a two-headed ogre

Illustrated notes

Levels and vault maps discovered:
D:1:      zelgadis_glass_arrival_large, layout_loops_corners
D:2:      layout_basic, nicolae_concentric_dashed_squares_wild
D:3:      minmay_door_path, layout_loops_ring, grunt_gozag_breadcrumbs,
          nicolae_overflow_crystal_walls, gup_sewer_entry_pipe, serial_shops,
          shop_fountains, uniq_natasha
D:4:      layout_loops_ring, uniq_sigmund
D:5:      layout_loops_corners, lemuel_temple_firewalk_a, serial_shops,
          nicolae_shop_window_shopping
D:6:      layout_rooms, gammafunk_ghost_nasty_kobolds,
          chequers_serial_rivers_room_b
D:7:      layout_basic, mainiacjoe_overflow_paths,
          minmay_overflow_temple_star_quad, grunt_decor_clamped,
          kennysheep_path_1
D:8:      layout_loops_ring
D:9:      layout_irregular_city, orc_0_dummy, minmay_misc_feat_iff,
          lightli_minifort

Skill      XL: |  1  2  3  4  5  6  7  8  9 |
---------------+----------------------------+-----
Conjurations   | 2 3 4 5 6 7 |  7.1
Dodging        | 3 4 5 6 |  6.3
Stealth        | 3 4 5 6 |  6.1
Air Magic      | 5 6 7 8 |  8.1
Spellcasting   | 3 4 5 |  5.2
Poison Magic   | 1 2 3 4 |  4.3
Polearms       | 2 3 |  3.6

Action                   |  1- 3 |  4- 6 |  7- 9 || total
-------------------------+-------+-------+-------++-------
Melee: Unarmed           |    27 |    65 |     2 ||    94
       Kick              |     6 |    15 |    36 ||    57
       Peck              |       |     8 |    19 ||    27
       Short sword       |       |       |    35 ||    35
       Spear             |       |       |   108 ||   108
 Cast: Shock             |    82 |    97 |    74 ||   253
       Static Discharge  |       |    22 |    39 ||    61
       Airstrike         |       |       |     6 ||     6
Evoke: Wand              |       |     1 |     3 ||     4
  Use: Scroll            |       |    10 |     9 ||    19
       Potion            |       |     1 |     1 ||     2
 Stab: Sleeping          |     2 |     1 |     9 ||    12
       Distracted        |       |       |     2 ||     2
Armor: Robe              |     3 |    15 |    28 ||    46
Dodge: Dodged            |    24 |    95 |   131 ||   250

Table legend: (Time is in decaauts)
 A = Elapsed time spent in this place.
 B = Non-inter-level travel time spent in this place.
 C = Inter-level travel time spent in this place.
 D = Time resting spent in this place.
 E = Time spent auto-exploring this place.
 F = Levels seen in this place.
 G = Mean time per level.
                   A        B        C        D        E       F      G
               +--------+--------+--------+--------+--------+-----+--------+
         Total |  15732 |  14957 |    775 |   6848 |   5912 |   9 | 1748.0 |
       Dungeon |  15732 |  14957 |    775 |   6848 |   5912 |   9 | 1748.0 |
               +--------+--------+--------+--------+--------+-----+--------+

Top non-repeatable levels by time:
     D:3: 2722 daAuts
     D:5: 2369 daAuts
     D:7: 2076 daAuts
     D:8: 1914 daAuts
     D:1: 1877 daAuts
     D:2: 1683 daAuts
     D:4: 1637 daAuts
     D:6: 1070 daAuts
     D:9: 381 daAuts
